 Dungeon Crawl Stone Soup version 0.24.1-8-ga250c9d538 (webtiles) character file.

Game seed: 3710515699770897005, levelgen mode: deterministic

86 lepoulpe303 the Covered (level 4, -3/42 HPs)
             Began as a Deep Dwarf Fighter on Apr 28, 2020.
             Slain by a wyvern (11 damage)
             ... on level 3 of the Dungeon.
             The game lasted 00:04:13 (1647 turns).

lepoulpe303 the Covered (Deep Dwarf Fighter)        Turns: 1647, Time: 00:04:13

Health: -3/42      AC: 12    Str: 25    XL:     4   Next: 27%
Magic:  2/2        EV:  8    Int:  9    God:
Gold:   70         SH: 10    Dex: 12    Spells: 3/3 levels left

rFire    . . .     SeeInvis .   a - +0 war axe
rCold    . . .     Gourm    .   c - +0 shield
rNeg     . . .     Faith    .   l - +0 storm dragon scales
rPois    .         Spirit   .   (no helmet)
rElec    +         Reflect  .   (no cloak)
rCorr    .         Harm     .   (no gloves)
MR       .....                  m - +0 pair of boots
Stlth    ..........             (no amulet)
HPRegen  0.00/turn              h - +2 ring of evasion
MPRegen  0.08/turn              (no ring)

@: mighty, non-regenerating
A: damage resistance, heal wounds, sense surroundings 1, no regeneration
a: Heal Wounds


You were on level 3 of the Dungeon.
You were not hungry.

You visited 1 branch of the dungeon, and saw 3 of its levels.

You collected 70 gold pieces.

Inventory:

Hand Weapons
 a - a +0 war axe (weapon)
 b - a +0 hunting sling
Missiles
 Q - 28 stones (quivered)
Armour
 c - a +0 shield (worn)
 f - a +0 scale mail
 l - +0 storm dragon scales (worn)
 m - a +0 pair of boots (worn)
Jewellery
 h - a +2 ring of evasion (left hand)
Scrolls
 i - 2 scrolls of identify {unknown}
 k - a scroll of teleportation {unknown}
 n - 4 scrolls of amnesia {unknown}
 o - a scroll of noise {unknown}
 w - 2 scrolls of remove curse
Potions
 d - a potion of might
 q - 3 potions of curing
Comestibles
 e - 3 rations
 j - a chunk of flesh


   Skills:
 + Level 3.1 Fighting
 * Level 3.5 Axes
 + Level 3.9 Armour
 + Level 3.8 Shields


You had 3 spell levels left.
You didn't know any spells.
Your spell library was empty.

Dungeon Overview and Level Annotations

Branches:
Dungeon (3/15)

Altars:
Dithmenos


Innate Abilities, Weirdness & Mutations

You are resistant to damage.
You can heal yourself by infusing magical energy.
You passively map a small area around you.
You do not regenerate.


Message History

You closely miss the wyvern. The wyvern bites you.
* * * LOW HITPOINT WARNING * * *
The wyvern bites you.
* * * LOW HITPOINT WARNING * * *
You take 4 damage, and have 7/42 hp.
You closely miss the wyvern. The wyvern closely misses you.
The wyvern bites you.
* * * LOW HITPOINT WARNING * * *
You take 1 damage, and have 6/42 hp.
The wyvern bites you but does no damage.
You closely miss the wyvern. You block the wyvern's attack.
The wyvern bites you.
* * * LOW HITPOINT WARNING * * *
You take 3 damage, and have 3/42 hp.
You aren't carrying any items that you can evoke.
Unknown command.
It was a potion of curing.
You feel better.
q - 3 potions of curing The wyvern bites you!
You die...

#.....#.##.#.#.#..............#
,#.....#....#
#.###########.#####
,#..........#
#...).............#
.#......[....
#..##########.###.#
.....<....... #..#... , #.# #.#
.############,#..#.###### #.#
#.# . , ,,#.......... #.# #.#
** * ##l#.##.... #.# #.# #@#.#*
* # #.# #.# #.#.#* * ,#.# #.#
#.#(# * #.# #.# #.#.# * #.# #.#
#.#.#* #.# #.# #.#.# ,, #.# #.#
#.# ,, ,#.# #.# #.# * ***
#.###.# , ,#......


You could see a wyvern.

Levels and vault maps discovered:
D:1:      lemuel_arrival_hallway, layout_loops_ring, grunt_decor_fettered
D:2:      layout_loops_ring, nrook_mini_backslash,
          nicolae_dithmenos_shadow_blocks, uniq_natasha
D:3:      layout_basic

Notes
Turn   | Place    | Note
-------+----------+-------------------------------------------
     0 | D:1      | lepoulpe303 the Deep Dwarf Fighter began the quest for the
                  | Orb.
     0 | D:1      | Reached XP level 1. HP: 20/20 MP: 1/1
   301 | D:1      | Identified a cursed -3 club
   400 | D:1      | Identified a +0 club
   565 | D:1      | Identified a +0 club
   586 | D:1      | Identified a +0 hunting sling (You found it on level 1 of
                  | the Dungeon)
   771 | D:2      | Reached XP level 2. HP: 24/27 MP: 2/2
   797 | D:2      | Found a shadowy altar of Dithmenos.
   807 | D:2      | Identified a +0 pair of boots (You found it on level 2 of
                  | the Dungeon)
   816 | D:2      | Identified a +0 whip
   827 | D:2      | Identified a +0 war axe
  1070 | D:2      | Identified a +0 club
  1141 | D:2      | Identified +0 storm dragon scales (You found it on level 2
                  | of the Dungeon)
  1141 | D:2      | Identified 3 scrolls of remove curse
  1142 | D:2      | Identified a ring of evasion (You found it on level 1 of
                  | the Dungeon)
  1165 | D:2      | Noticed Natasha
  1172 | D:2      | Killed Natasha
  1172 | D:2      | Reached skill level 3 in Fighting
  1172 | D:2      | Reached skill level 3 in Axes
  1172 | D:2      | Reached XP level 3. HP: 25/34 MP: 3/3
  1381 | D:2      | Noticed Natasha
  1386 | D:2      | Killed Natasha
  1386 | D:2      | Reached XP level 4. HP: 21/42 MP: 4/4
  1514 | D:3      | Identified a +0 short sword
  1514 | D:3      | Identified a +0 scale mail
  1611 | D:3      | Identified a +0 club
  1628 | D:3      | Noticed a wyvern
  1637 | D:3      | HP: 6/42 [wyvern (10)]
  1642 | D:3      | HP: 9/42 [wyvern (2)]
  1646 | D:3      | HP: 3/42 [wyvern (3)]
  1647 | D:3      | Identified 4 potions of curing
  1647 | D:3      | Slain by a wyvern

Table legend:
 A = Turns spent in this place as a percentage of turns spent in the entire game.
 B = Non-inter-level travel turns spent in this place as a percentage of non-inter-level travel turns spent in the entire game.
 C = Inter-level travel turns spent in this place as a percentage of turns spent in this place.
 D = Turns resting spent in this place as a percentage of non-inter-level travel turns spent in this place.
 E = Turns spent auto-exploring this place as a percentage of non-inter-level travel turns spent in this place.
 F = Non-inter-level travel turns spent in this place divided by the number of levels of this place that you've seen.
                   A       B       C       D       E      F
               +-------+-------+-------+-------+-------+----------------------
         Total | 100.0 | 100.0 |   8.7 |   0.0 |  85.6 | 501.0
       Dungeon | 100.0 | 100.0 |   8.7 |   0.0 |  85.6 | 501.0
               +-------+-------+-------+-------+-------+----------------------

Table legend:
 A = Kills in this place as a percentage of kills in entire the game.
 B = Kills by you in this place as a percentage of kills by you in the entire game.
 C = Kills by friends in this place as a percentage of kills by friends in the entire game.
 D = Other kills in this place as a percentage of other kills in the entire game.
 E = Experience gained in this place as a percentage of experience gained in the entire game.
 F = Experience gained in this place divided by the number of levels of this place that you have seen.
                   A       B       C       D       E      F
               +-------+-------+-------+-------+-------+----------------------
         Total | 100.0 | 100.0 |   N/A |   N/A | 100.0 |  41.3
       Dungeon | 100.0 | 100.0 |   N/A |   N/A | 100.0 |  41.3
               +-------+-------+-------+-------+-------+----------------------

Skill      XL: |  1  2 |
---------------+-------+-----
Fighting       | 3 |  3.1
Axes           | 3 |  3.5
Armour         | |  3.9
Shields        | |  3.8

Action                   |  1- 3 |  4- 6 || total
-------------------------+-------+-------++-------
Melee: War axe           |    40 |    14 ||    54
 Fire: Hunting sling     |    27 |     8 ||    35
Throw: Stone             |     1 |       ||     1
 Abil: Heal Wounds       |       |     2 ||     2
  Use: Scroll            |     1 |       ||     1
       Potion            |       |     2 ||     2
  Eat: Chunk             |     1 |     1 ||     2
Armor: Scale mail        |    13 |       ||    13
       Storm dragon scal |     5 |     3 ||     8
Dodge: Dodged            |    13 |     7 ||    20
Block: Shield            |    30 |    12 ||    42

Vanquished Creatures
  Natasha (twice) (D:2)
  An adder (D:2)
  An ooze (D:2)
  A dart slug (D:2)
  A leopard gecko (D:2)
  An orc (D:3)
  A bat (D:1)
  A giant cockroach (D:3)
  4 goblins
  2 hobgoblins (D:1)
  A quokka (D:2)
  A ball python (D:1)
  A frilled lizard (D:2)
  A kobold (D:2)
  2 rats
21 creatures vanquished.
